Match 38965914
Unlisted

Match 38965914
End
Royal Engineer Section
Selects Australian Defense Battlegroup
Selects Australian Light Infantry Section
Australian Light Infantry Section
Australian Light Infantry Section
Construct Section Command Post
Infantry Section
Construct Platoon Command Post
Humber Armored Car
Selects 2-pounder Anti-tank Gun Team
Infantry Section
Construct Field Infirmary
Vickers Machine Gun Team
Selects CMP 15cwt Supply Run
Grenade Package
Construct Company Command Post
Crusader II Medium Tank
Foot Guards Section
BIOHAZARD
Genius Malignus
0
0

Comments sign in to comment!

No comments posted yet!